[Event "*** Qualifier 2: Titled Tuesday 3|2 Blitz"]
[Site "Chess.com"]
[Date "2017.04.11"]
[Round "1"]
[White "DiogenesSinopeus"]
[Black "jncool68"]
[Result "1-0"]
[WhiteElo "2263"]
[BlackElo "2503"]
[TimeControl "180+2"]
[EndTime "13:08:32 PDT"]
[Termination "DiogenesSinopeus won by resignation"]

1. d4 Nf6 2. c4 e6 3. Nc3 Bb4 4. e3 O-O 5. Bd3 d5 6. a3 Bxc3+ 7. bxc3 c5 8. cxd5 exd5 9. Ne2 c4 10. Bc2 b5 11. O-O a5 12. f3 Bb7 13. Ng3 Re8 14.
Re1 Nc6 15. Bd2 h5 16. Re2 h4 17. Nh1 h3 18. g4 b4 19. axb4 axb4 20. Rxa8 Qxa8 21.
cxb4 Qa3 22. Qe1 c3 23. Bxc3 Ba6 24. Rf2 Rc8 25. Ng3 Na5 26. Bb2 Qxb2 27. Bh7+ Nxh7 28.
Rxb2 Nc4 29. Ra2 Ng5 30. Qa1 Bb7 31. Kf2 g6 32. Ne2 Re8 33. Ra7 Rxe3 34. Rxb7 Rxf3+ 35. Ke1 Ne4 36. Re7 Ned2 37. Qa8+ Kg7 38. Ng3 Ra3 39.
Qxd5 Nf3+ 40. Kf2 Kh6 41. Qxc4 Ng5 42. Ne4 Rf3+ 43. Ke2 Rf4 44. Nxg5 Kxg5 45. Qd5+ Kh4 46. Re4 Rf6 47. g5+ 1-0

[Event "*** Qualifier 2: Titled Tuesday 3|2 Blitz"]
[Site "Chess.com"]
[Date "2017.04.11"]
[Round "1"]
[White "Th3ChessViking"]
[Black "Spartakus1975"]
[Result "0-1"]
[WhiteElo "2278"]
[BlackElo "2540"]
[TimeControl "180+2"]
[EndTime "13:08:35 PDT"]
[Termination "Spartakus1975 won on time"]

1. d4 d5 2. Bf4 c5 3. e3 Nc6 4. c3 Nf6 5. Nd2 Qb6 6. Qb3 c4 7. Qc2 g6 8. h3 Bf5 9. Qc1 Bg7 10.
Ngf3 O-O 11. Be2 Rfc8 12. O-O Qd8 13. b3 b5 14. Qb2 Ne4 15. Nxe4 Bxe4 16. Nd2 Bf5 17.
Nf3 Qb6 18. Bg3 h6 19. Rfc1 Kh7 20. Bd1 Be4 21. Nd2 Bf5 22. Bf3 e6 23. Bh2 Bd3 24. Bg3 a5 25. bxc4 dxc4 26. a4 b4 27.
cxb4 Qxb4 28. Qxb4 axb4 29. Nxc4 b3 30. Nb2 Bc2 31. Bxc6 Rxc6 32. a5 Bf8 33. Ra4 f6 34. Kf1 Ra7 35. Ke2 Rca6 36. Bb8 Rb7 37. Bg3 Rb5 38. f3 Rbxa5 39. Rxa5 Rxa5 40. Be1 Ra2 41. Bc3 Ba3 0-1

[Event "*** Qualifier 2: Titled Tuesday 3|2 Blitz"]
[Site "Chess.com"]
[Date "2017.04.11"]
[Round "1"]
[White "Dulger"]
[Black "donotreadit"]
[Result "1-0"]
[WhiteElo "2275"]
[BlackElo "2509"]
[TimeControl "180+2"]
[EndTime "13:08:41 PDT"]
[Termination "Dulger won by resignation"]

1. Nf3 d5 2. g3 c5 3. Bg2 Nc6 4.
d4 Nf6 5. O-O Bf5 6. c4 e6 7.
cxd5 exd5 8. Nc3 Be7 9. Bg5 c4 10. b3 O-O 11. bxc4 dxc4 12. d5 Nb4 13. Nh4 Bg4 14.
a3 Na6 15. h3 Bh5 16. Nf5 Bc5 17. Nxg7 Bg6 18. e4 Qd6 19. Qe1 Nd7 20. Nf5 Bxf5 21.
exf5 Qxg3 22. Ne4 Qe5 23. Nf6+ Kg7 24. Nxd7 Qxe1 25. Rfxe1 Rfe8 26. Bf6+ Kg8 27. Bc3 Rxe1+ 28. Rxe1 Rd8 29. Nf6+ Kh8 30. Ne4+ Kg8 31. Nf6+ Kh8 32. Re8+ Rxe8 33. Nxe8+ Kg8 34. Nf6+ Kf8 35. a4 Bb4 36. Bd4 c3 37. Be4 Ke7 38. Nxh7 Ba5 39. f6+ Kd6 40.
Ng5 Nc7 41. Nxf7+ Kd7 42. Ne5+ Kd6 43. Nc4+ Kd7 44. Nxa5 Ne8 45. Bxc3 Nd6 46. Bd3 1-0

[Event "*** Qualifier 2: Titled Tuesday 3|2 Blitz"]
[Site "Chess.com"]
[Date "2017.04.11"]
[Round "1"]
[White "prochn"]
[Black "amaidel"]
[Result "1-0"]
[WhiteElo "2205"]
[BlackElo "2465"]
[TimeControl "180+2"]
[EndTime "13:08:45 PDT"]
[Termination "prochn won by resignation"]

1. d4 d5 2. c4 c6 3. cxd5 cxd5 4.
Nc3 Nf6 5. Bf4 a6 6. e3 Nc6 7.
Bd3 e6 8. Nf3 Be7 9. Rc1 O-O 10.
h3 Bd7 11. O-O Rc8 12. Ne5 Nxe5 13. Bxe5 Bc6 14. Bb1 Nd7 15. Bg3 f5 16. Qb3 Nb6 17. Bd3 Kh8 18. f3 Nc4 19. Bxc4 dxc4 20. Qxc4 Bb5 21. Qxe6 Bxf1 22. Rxf1 Bb4 23. Qb3 Bxc3 24. bxc3 b5 25. Be5 Qd7 26. d5 Rc4 27. f4 Qxd5 28. Rd1 Qe6 29. Qa3 Re8 30. Rd6 Qe7 31. Qxa6 Ra4 32. Qxb5 Ra7 33. Qd5 Rea8 34. Kh2 Ra5 35.
Qd4 Ra4 36. c4 R4a7 37. c5 Qf7 38. c6 Rxa2 39. Rd8+ Rxd8 40. Qxd8+ Qg8 41. c7 Rc2 42. Qd7 h5 43. Bxg7+ Qxg7 44. c8=Q+ Rxc8 45. Qxc8+ Kh7 46. Qxf5+ Kh6 47. Qg5+ Qxg5 48. fxg5+ Kxg5 49. Kg3 h4+ 50. Kf3 Kf5 51. e4+ 1-0

[Event "*** Qualifier 2: Titled Tuesday 3|2 Blitz"]
[Site "Chess.com"]
[Date "2017.04.11"]
[Round "1"]
[White "Bigfish1995"]
[Black "evgenyermolaev"]
[Result "0-1"]
[WhiteElo "2644"]
[BlackElo "2368"]
[TimeControl "180+2"]
[EndTime "13:08:53 PDT"]
[Termination "evgenyermolaev won by resignation"]

1. e4 c5 2. Nf3 d6 3. d4 cxd4 4. Nxd4 Nf6 5. Nc3 a6 6. Qd2 e5 7. Nb3 Be7 8. Bc4 O-O 9. O-O Nc6 10. a4 Be6 11. Bxe6 fxe6 12. Qd3 Nb4 13. Qe2 Qe8 14. a5 Rc8 15. Ra4 Rxc3 16. Rxb4 Rc7 17. Rc4 Qb5 18.
Rxc7 Qxe2 19. Rxe7 Nxe4 20. Be3 d5 21. c3 Qxb2 22.
Rxb7 Qxc3 23. Rc1 Qd3 24. h3 d4 25. Rcc7 Nd6 26. Rxg7+ Kh8 27. Bxd4 exd4 28. Rbd7 Nf7 29. Rg3 Qd1+ 30. Kh2 Ne5 31. Rxd4 Qb1 32. f4 Ng6 33. Nc5 Qf5 34. Nd7 Rd8 35. Rg5 Qb1 36. Rc5 Qa1 37.
Rcc4 Qxa5 38. Rd6 Qb5 39. Rcd4 Nxf4 40. Rb6 Qxb6 0-1

[Event "*** Qualifier 2: Titled Tuesday 3|2 Blitz"]
[Site "Chess.com"]
[Date "2017.04.11"]
[Round "1"]
[White "platy3"]
[Black "dolynachess"]
[Result "1-0"]
[WhiteElo "2649"]
[BlackElo "2336"]
[TimeControl "180+2"]
[EndTime "13:08:54 PDT"]
[Termination "platy3 won by resignation"]

1. e4 e6 2. d4 d5 3. Nc3 Bb4 4. e5 Qd7 5. a3 Bxc3+ 6. bxc3 b6 7.
Qg4 f5 8. Qg3 Ba6 9. Bxa6 Nxa6 10.
h4 Kf7 11. Nh3 h6 12. Nf4 Ne7 13. a4 c5 14. Qd3 Nc7 15. h5 Qc6 16. Be3 Rhc8 17.
Rh3 Ne8 18. Rg3 cxd4 19. Bxd4 Qc4 20. Qe3 Qa6 21. Rg6 Nxg6 22. hxg6+ Ke7 23. g4 fxg4 24. Qg3 Rc6 25. Qh4+ Kd7 26. Qxg4 Rac8 27. Nxd5 Qc4 28. Ne3 Qa6 29. Qf3 Kc7 30. Qf7+ Kb8 31. a5 b5 32. Rb1 R6c7 33. Qf3 Qxa5 34. Kf1 a6 35. Kg1 Qa2 36. Qd1 Kb7 37. Ra1 Qb2 38. Rb1 Qa3 39. Qd3 Rc6 40. Qe4 Ka8 41. c4 b4 42. Ra1 a5 43. Rxa3 bxa3 44. Qd3 Nc7 45. Qxa3 1-0

[Event "*** Qualifier 2: Titled Tuesday 3|2 Blitz"]
[Site "Chess.com"]
[Date "2017.04.11"]
[Round "1"]
[White "aRk_iN"]
[Black "Ginger_GM"]
[Result "0-1"]
[WhiteElo "2142"]
[BlackElo "2441"]
[TimeControl "180+2"]
[EndTime "13:08:56 PDT"]
[Termination "Ginger_GM won by resignation"]

1. e4 e6 2. d4 d5 3. Nc3 Bb4 4.
e5 Ne7 5. a3 Bxc3+ 6. bxc3 c5 7. Qg4 Qc7 8. Qxg7 Rg8 9. Qxh7 cxd4 10. Ne2 dxc3 11. f4 Nbc6 12. Qd3 Nf5 13. Ng3 Nxg3 14. hxg3 d4 15. Be2 b6 16. g4 Bb7 17. Bf3 O-O-O 18. Rb1 Rh8 19. Rh7 Na5 20. a4 Bxf3 21. gxf3 Rxh7 22.
Qxh7 d3 23. cxd3 c2 24. Rb5 Qc3+ 25. Ke2 Nb3 26. Rxb3 Qxb3 27. Qe4 Qd5 28. Kd2 Qxe4 29. fxe4 Rd4 30. Kxc2 Rxa4 31. f5 Kd7 32. g5 exf5 33.
exf5 Rg4 34. Kc3 a5 35. d4 Kc6 36. Bd2 b5 37. Kd3 b4 38. Kc4 Rg2 39. Be3 Rc2+ 40.
Kd3 Rc3+ 41. Ke4 b3 42. g6 fxg6 43. fxg6 b2 44. g7 b1=Q+ 45. Kf4 Qg6 0-1

[Event "*** Qualifier 2: Titled Tuesday 3|2 Blitz"]
[Site "Chess.com"]
[Date "2017.04.11"]
[Round "1"]
[White "3f32"]
[Black "DanielNaroditsky"]
[Result "0-1"]
[WhiteElo "2385"]
[BlackElo "2783"]
[TimeControl "180+2"]
[EndTime "13:09:02 PDT"]
[Termination "DanielNaroditsky won by resignation"]

1. d4 Nf6 2. c4 e6 3. Nc3 Bb4 4.
f3 d5 5. a3 Be7 6. e4 dxe4 7. fxe4 e5 8. d5 O-O 9. Nf3 a5 10. Bd3 Bg4 11. h3 Bxf3 12. Qxf3 Nbd7 13. Bd2 c6 14. O-O-O Bc5 15. Kb1 Bd4 16. Rhf1 Qb6 17.
Bc2 Nc5 18. Bc1 cxd5 19. exd5 Rfc8 20. Nb5 Ncd7 21. Bd3 e4 22. Bxe4 Rxc4 23. Nxd4 Rxd4 24. Bc2 Rxd1 25. Rxd1 Rc8 26. d6 g6 27. Bb3 Qc5 28. Qxb7 Rb8 29. Qf3 Kg7 30. Ba2 Ne5 31.
Qe3 Qb5 32. Bd5 Nc4 33. Qc3 Nxa3+ 34. Ka1 Nc2+ 35. Qxc2 Nxd5 36. Qd3 Qa4+ 37. Kb1 Nb4 38. Qd4+ Kg8 39. Bh6 Qc2+ 40. Ka1 Qa4+ 41. Kb1 Qa2+ 42.
Kc1 Rc8+ 43. Kd2 Rc2+ 44. Ke3 Qe6+ 45. Kf4 Rc4 46. d7 Rxd4+ 47. Rxd4 Nd5+ 48. Kf3 Qf5+ 49. Ke2 Qxd7 50. Kd3 0-1

[Event "*** Qualifier 2: Titled Tuesday 3|2 Blitz"]
[Site "Chess.com"]
[Date "2017.04.11"]
[Round "1"]
[White "woodhy"]
[Black "jlandaw"]
[Result "0-1"]
[WhiteElo "1762"]
[BlackElo "2391"]
[TimeControl "180+2"]
[EndTime "13:09:13 PDT"]
[Termination "jlandaw won by resignation"]

1. e4 e5 2. Nf3 Nc6 3. Bb5 a6 4.
Bxc6 dxc6 5. O-O Qf6 6. d3 c5 7. Be3 b6 8. Qe2 Ne7 9. c3 Nc6 10.
Rd1 Bg4 11. Na3 h6 12. Nc2 Bd6 13. h3 Bh5 14. d4 cxd4 15. cxd4 Bxf3 16. Qxf3 Qxf3 17.
gxf3 exd4 18. Nxd4 Nxd4 19. Bxd4 O-O-O 20. Kf1 f6 21. Ke2 Rhe8 22. Rac1 Kb7 23. Rg1 Bh2 24.
Rg2 Rxd4 25. Rxh2 f5 26. Rg2 Re7 27. Ke3 Rb4 28. b3 fxe4 29. f4 Rd7 30. Rc3 a5 31.
f5 Rb5 32. Kxe4 Re7+ 33. Kf4 Rf7 34. Kg3 Rbxf5 35. h4 Rf4 36. f3 b5 37. Rgc2 R4f6 38. Kg2 Kb6 39. Re2 c6 40. Re8 Rg6+ 41. Kf2 Rd7 42.
Rb8+ Kc7 43. Ra8 Rd2+ 44. Ke3 Rxa2 45. Rd3 a4 46. bxa4 Rxa4 47. Rxa4 bxa4 48. Ra3 Rd6 49. Rxa4 Kb6 50. Rb4+ Kc5 51. Rb7 g6 52. Ke4 Re6+ 53. Kf4 Kd4 54. Rd7+ Kc4 55. Rh7 h5 56. Kg5 c5 57. f4 Kd4 58. f5 gxf5 59. Rd7+ Ke4 60. Rc7 Kd4 61. Kxf5 Re5+ 62. Kg6 c4 63. Rd7+ Rd5 64.
Rxd5+ Kxd5 65. Kxh5 c3 66. Kg6 c2 67. h5 c1=Q 68. h6 Qg1+ 69. Kf7 Qf2+ 70. Kg7 Qg3+ 71. Kh8 Qf4 72. Kg7 Qg5+ 73. Kh7 Ke6 0-1

[Event "*** Qualifier 2: Titled Tuesday 3|2 Blitz"]
[Site "Chess.com"]
[Date "2017.04.11"]
[Round "1"]
[White "1e41-0"]
[Black "sergiochess83"]
[Result "0-1"]
[WhiteElo "2306"]
[BlackElo "2591"]
[TimeControl "180+2"]
[EndTime "13:09:15 PDT"]
[Termination "sergiochess83 won by resignation"]

1. d4 Nf6 2. c4 g6 3. Nc3 d5 4.
Bg5 Ne4 5. cxd5 Nxg5 6. h4 Ne4 7. Nxe4 Qxd5 8. Nc3 Qd6 9. Rc1 c6 10. e3 Bg7 11. h5 O-O 12. Nf3 Bg4 13. hxg6 hxg6 14.
Be2 Nd7 15. Qd2 e5 16. dxe5 Qxd2+ 17. Nxd2 Nxe5 18. Bxg4 Nxg4 19. Ke2 Rad8 20. Rhd1 Ne5 21. Nf3 Nc4 22. b3 Rxd1 23. Nxd1 Nd6 24. Nc3 Rd8 25.
Nd2 Kf8 26. Nde4 Nxe4 27. Nxe4 Ke7 28. Nc5 b6 29. Nd3 c5 30. Rh1 Rc8 31. Rh4 b5 32.
Rh7 Kf8 33. Nf4 c4 34. bxc4 Rxc4 35. Kd2 Ra4 36. Rh1 Rxa2+ 37. Kd3 Rxf2 38. Rc1 Be5 39.
Rc8+ Kg7 40. Ra8 Bxf4 41. exf4 Rxf4 42. Rxa7 Rf2 43. Rb7 Rxg2 44. Rxb5 f5 45. Ke3 Kf6 46. Kf3 Rc2 47. Rb6+ Kg5 48. Rb3 Rc5 49. Ra3 Re5 50. Ra8 f4 51. Ra3 Kf5 52. Ra8 Re3+ 53. Kf2 g5 54. Rf8+ Kg4 55. Rh8 Re4 56. Rh1 f3 57.
Rg1+ Kf4 58. Kf1 Ra4 59. Rh1 g4 60. Rh8 Ra1+ 0-1

[Event "*** Qualifier 2: Titled Tuesday 3|2 Blitz"]
[Site "Chess.com"]
[Date "2017.04.11"]
[Round "1"]
[White "stepanosinovsky"]
[Black "Maitreia"]
[Result "0-1"]
[WhiteElo "2218"]
[BlackElo "2511"]
[TimeControl "180+2"]
[EndTime "13:09:17 PDT"]
[Termination "Maitreia won on time"]

1. e4 c5 2. Nf3 g6 3. d4 cxd4 4.
Nxd4 Nc6 5. Nc3 Bg7 6. Be3 Nf6 7. Bc4 O-O 8. Bb3 a5 9. a4 Ng4 10. Qxg4 Nxd4 11. Bxd4 Bxd4 12. O-O-O Bxc3 13. bxc3 d6 14. Qg5 Be6 15. h4 Qc7 16. Kb2 Rfc8 17. Rd3 Qc5 18. Qxc5 Rxc5 19. Rhd1 Rac8 20. Re3 Kg7 21. g3 b5 22. Rd4 bxa4 23. Rxa4 Rb8 24. Rd3 Bd7 25. Rad4 a4 26. Rb4 Rxb4 27. cxb4 Rb5 28. Bd5 Rxb4+ 29.
Ka3 Rb1 30. Rd2 Kf6 31. Ba2 Re1 32. Bd5 h6 33. Ba8 g5 34. hxg5+ hxg5 35. Bb7 g4 36. Ba8 Ke5 37. Rd5+ Kf6 38. Rd2 Be6 39. Bc6 Ke5 40. Kxa4 Rb1 41. Ka3 Bc4 42. Ka4 e6 43. Ka3 d5 44.
exd5 exd5 45. Ka4 Kd6 46. Be8 Kc5 47. Ka3 Rb7 0-1

[Event "*** Qualifier 2: Titled Tuesday 3|2 Blitz"]
[Site "Chess.com"]
[Date "2017.04.11"]
[Round "1"]
[White "Robin-Side"]
[Black "hsskoo"]
[Result "1-0"]
[WhiteElo "2402"]
[BlackElo "1982"]
[TimeControl "180+2"]
[EndTime "13:09:18 PDT"]
[Termination "Robin-Side won on time"]

1. e4 e6 2. d4 b6 3. Bd3 Bb7 4. Nf3 d6 5. O-O Nd7 6. Qe2 Be7 7. c3 e5 8. Bc4 Ngf6 9. Nbd2 O-O 10. dxe5 Nxe5 11. Nxe5 dxe5 12. Rd1 c5 13. f3 Qc7 14.
Nf1 Rad8 15. Bg5 Nh5 16. Be3 Kh8 17. Rxd8 Bxd8 18. Rd1 Bh4 19. g3 Be7 20. Bf2 h6 21. Ne3 g6 22. Nd5 Bxd5 23. Rxd5 Nf6 24. Rd3 Kg7 25.
Qd2 Rd8 26. Be3 Ng8 27. Rd5 g5 28. f4 exf4 29. gxf4 Nf6 30. Rxd8 Qxd8 31. Qxd8 Bxd8 32. fxg5 Nxe4 33. gxh6+ Kh8 34. Bxf7 Bg5 35. Bxg5 Nxg5 36. Bd5 Kh7 37. Kf2 Kxh6 38. Kg3 Nh7 39. Bf3 1-0

[Event "*** Qualifier 2: Titled Tuesday 3|2 Blitz"]
[Site "Chess.com"]
[Date "2017.04.11"]
[Round "1"]
[White "pKiLz5Rn9b"]
[Black "MattyDPerrine"]
[Result "0-1"]
[WhiteElo "2505"]
[BlackElo "2265"]
[TimeControl "180+2"]
[EndTime "13:09:19 PDT"]
[Termination "MattyDPerrine won by resignation"]

1. e4 c5 2. c3 d5 3. exd5 Qxd5 4.
d4 Nf6 5. Nf3 g6 6. Be3 cxd4 7.
cxd4 Bg7 8. Nc3 Qa5 9. Bc4 O-O 10. O-O Bf5 11. a3 Nbd7 12. d5 Rac8 13. Ba2 Ne4 14. Bd4 Nxc3 15. bxc3 Bxd4 16. Nxd4 Be4 17. c4 Qxa3 18. Re1 Nc5 19. Re3 Qb2 20. f3 Bd3 21.
Ne2 Rfe8 22. Qc1 Qf6 23. Kf2 Ne4+ 24. Kg1 Nc5 25. Kf2 b5 26. Qd1 bxc4 27. Rc1 Ne4+ 28.
Kg1 Nd6 29. Nc3 Qd4 30. Qd2 Nf5 31. Nd1 e6 32. d6 Nxe3 33. Nxe3 Red8 34. Bxc4 Qxd6 35.
Bxd3 Rxc1+ 36. Qxc1 Qxd3 37. h4 Qd2 38. Qc5 Qd4 39.
Qc1 Rd5 40. h5 Rxh5 41. Kf2 Qh4+ 42. Ke2 Qd4 43. Ng4 Rc5 44. Qg5 Rc2+ 45. Ke1 Qa1+ 0-1

[Event "*** Qualifier 2: Titled Tuesday 3|2 Blitz"]
[Site "Chess.com"]
[Date "2017.04.11"]
[Round "1"]
[White "ShimanovAlex"]
[Black "MasterLeif"]
[Result "1-0"]
[WhiteElo "2616"]
[BlackElo "2316"]
[TimeControl "180+2"]
[EndTime "13:09:36 PDT"]
[Termination "ShimanovAlex won on time"]

1. d4 d5 2. Bf4 Bg4 3. Nc3 e6 4. Qd2 Bd6 5. O-O-O Nf6 6. f3 Bf5 7. g4 Bg6 8. h4 h6 9. Nh3 Nc6 10. Bg2 Qe7 11. Bxd6 cxd6 12. Nf4 Bh7 13. g5 Nd7 14. e4 dxe4 15. fxe4 O-O-O 16. d5 Nce5 17. Bh3 hxg5 18. hxg5 Nf3 19. Qe3 Nxg5 20. dxe6 fxe6 21.
Qxa7 Nxh3 22. Rxh3 Qg5 23. Qe3 Nc5 24. Rdh1 Rhf8 25. Nxe6 Qxe3+ 26. Rxe3 Nxe6 27. Rxh7 Rf2 28. Rd3 Nc5 29. Rd2 Rf1+ 30. Rd1 Rxd1+ 31. Kxd1 Re8 32. Rxg7 Nxe4 33. Nb5 Re5 34. a4 Rd5+ 35. Kc1 Nf2 36. b3 Ne4 37. Rc7+ Kb8 38. Re7 Re5 39. Rf7 Kc8 40.
Kb2 Re6 41. b4 d5 42. Rc7+ Kb8 43. Rd7 Kc8 44. Rxd5 Rh6 45. Re5 Nd2 46. Re7 Nc4+ 47. Kb3 Nb6 48. Rc7+ Kb8 49. Rc5 Rh3+ 50. c3 Rh6 51. a5 Nd7 52. Rc7 Ne5 53. Re7 1-0

[Event "*** Qualifier 2: Titled Tuesday 3|2 Blitz"]
[Site "Chess.com"]
[Date "2017.04.11"]
[Round "1"]
[White "Generalas"]
[Black "GianmarcoVaR"]
[Result "0-1"]
[WhiteElo "2213"]
[BlackElo "2503"]
[TimeControl "180+2"]
[EndTime "13:09:36 PDT"]
[Termination "GianmarcoVaR won by resignation"]

1. Nf3 Nf6 2. c4 b6 3. g3 Bb7 4. Bg2 e6 5. O-O Be7 6. b3 O-O 7. Bb2 d6 8. d3 c5 9. Nbd2 a6 10. a3 b5 11. Qc2 Nc6 12. e3 Qb6 13. Rac1 Rab8 14. Rb1 a5 15. d4 Rfc8 16. dxc5 Qxc5 17. Ng5 Ne5 18. Nde4 Nxe4 19. Nxe4 Qc7 20. f4 Ng6 21. Qc3 Bf8 22. Rbc1 bxc4 23. bxc4 Qb6 24. Ba1 d5 25.
Nd2 dxc4 26. f5 exf5 27. Rxf5 Qe6 28. Bh3 Qc6 29. e4 Ba6 30. Rcf1 Rc7 31. Rxa5 Qb6+ 32. Kh1 Rd8 33. Raf5 Rd3 34. Qc2 c3 35. Nb3 Re3 36.
Rd1 Re2 37. Qc1 Qxb3 38. Bf1 Rc2 39. Qb1 Qxb1 40. Rxb1 Bxf1 41. Rbxf1 f6 42. h4 Bxa3 43. h5 Ne7 44. Ra5 Bb2 45. Ra2 Rd2 46. Ra8+ Kf7 47.
e5 Bxa1 48. Raxa1 c2 49. exf6 gxf6 50. Ra6 Nd5 51. Raa1 Ne3 52. Rfc1 Rd1+ 53. Kh2 Rcd7 54. g4 Rxc1 55. Rxc1 Rd1 0-1

[Event "*** Qualifier 2: Titled Tuesday 3|2 Blitz"]
[Site "Chess.com"]
[Date "2017.04.11"]
[Round "1"]
[White "GM_Splinter"]
[Black "jcibarra"]
[Result "0-1"]
[WhiteElo "2330"]
[BlackElo "2650"]
[TimeControl "180+2"]
[EndTime "13:09:56 PDT"]
[Termination "jcibarra won by resignation"]

1. e4 c5 2. Nf3 e6 3. c3 Nf6 4. e5 Nd5 5. Bc4 d6 6. d4 cxd4 7. cxd4 Nc6 8. Qe2 Be7 9. O-O O-O 10. Rd1 Na5 11. b3 Bd7 12. Bxd5 exd5 13. Nc3 Be6 14. Bf4 a6 15. Qd3 h6 16. Na4 Rc8 17.
Rac1 dxe5 18. Rxc8 Qxc8 19. dxe5 Bf5 20. Qd2 Nc6 21. Nb6 Qd8 22. Nxd5 Ba3 23. Bxh6 Be4 24. Bg5 Qc8 25. Qf4 Bxf3 26. gxf3 Qh3 27. Kh1 Re8 28. Rg1 Nxe5 29. Rg3 Qf1+ 30. Rg1 Qh3 31. Rg3 Qh5 32. Qa4 b5 33. Qxa3 Nxf3 34. Nf6+ gxf6 35. Bxf6+ Kh7 36.
Rg7+ Kh6 37. Qc1+ Ng5 38. Rxg5 Qf3+ 39. Rg2+ Kh7 40. h4 Qxf6 41. Qg5 Re1+ 42. Kh2 Qxg5 43. hxg5 Re2 44. f4 Re3 45. Rf2 Kg6 46. Kg2 Kf5 47.
Kf1 b4 48. Kg2 Kg4 49. Rc2 a5 50. Rc4 Re2+ 51. Kf1 Rxa2 52. Rc7 Kxf4 53. Rxf7+ Kxg5 54. Ra7 Kf4 55. Rd7 Ke3 56. Rd5 Ra3 57. Kg2 Rxb3 58.
Rxa5 Rc3 59. Rb5 b3 60. Kf1 Kd2 61. Kf2 Kc2 62. Ke2 b2 0-1

[Event "*** Qualifier 2: Titled Tuesday 3|2 Blitz"]
[Site "Chess.com"]
[Date "2017.04.11"]
[Round "1"]
[White "MaxLeto"]
[Black "igorkovalenko"]
[Result "1/2-1/2"]
[WhiteElo "2356"]
[BlackElo "2652"]
[TimeControl "180+2"]
[EndTime "13:09:57 PDT"]
[Termination "Game drawn by repetition"]

1. d4 e6 2. Bf4 c5 3. c3 Nc6 4. Nf3 d5 5. e3 Nf6 6. Nbd2 Qb6 7.
Qc2 Bd7 8. h3 Rc8 9. Rc1 g6 10.
Be2 Nh5 11. Bh2 cxd4 12. exd4 Bh6 13. O-O O-O 14. Rfd1 Rfe8 15. Qb3 Nf6 16. Re1 Ne4 17. Rcd1 Nxd2 18. Nxd2 Na5 19. Qxb6 axb6 20. Bd3 Ba4 21. b3 Bd7 22. Nb1 Nc6 23. Re2 Na7 24. a4 Nc6 25. Rde1 Na5 26. Rb2 f6 27. Bd6 Kf7 28. Bb4 Rc7 29. Na3 Rec8 30. Nb5 Bxb5 31. Bxb5 Bf8 32. Bxa5 bxa5 33. c4 Bb4 34. Rd1 b6 35. Re2 Rd8 36. Rd3 h5 37. g3 Rd6 38. Kg2 Rc8 39. Rde3 Rc7 40. cxd5 exd5 41. Be8+ Kg7 42. Re7+ Rxe7 43.
Rxe7+ Kf8 44. Re3 f5 45. Bb5 Ba3 46. Kf3 Bb2 47. Re8+ Kf7 48. Ke3 Bc1+ 49. Kd3 f4 50. Re5 fxg3 51. fxg3 Bh6 52. Rxd5 Rxd5 53. Bc4 Kf6 54.
Bxd5 Bc1 55. Ke4 g5 56. Bc4 h4 57. g4 Bb2 58. Kd5 Bc3 59. Bd3 Bb2 60. Bf5 Ba1 61. Kc4 Ke7 62. Kd5 Kf6 63. Ke4 Bb2 64. Kd3 Ke7 65.
Ke3 Kd6 66. Ke4 Bc1 67. Bg6 Bf4 68. Bf7 Bc1 69. Bc4 Bb2 70. Ke3 Bc1+ 71. Ke4 Bf4 72. Bf7 Bc1 73. Bc4 Bf4 74. Bb5 Bc1 75. Bc4 Bf4 76.
Bb5 Bc1 77. Bc4 1/2-1/2

[Event "*** Qualifier 2: Titled Tuesday 3|2 Blitz"]
[Site "Chess.com"]
[Date "2017.04.11"]
[Round "1"]
[White "FearNoEvil12"]
[Black "RitvarsReimanis"]
[Result "1/2-1/2"]
[WhiteElo "2093"]
[BlackElo "2400"]
[TimeControl "180+2"]
[EndTime "13:10:05 PDT"]
[Termination "Game drawn by agreement"]

1. e4 c5 2. Nc3 Nc6 3. f4 g6 4. Nf3 Bg7 5. Bc4 Na5 6. Be2 d6 7. O-O Nh6 8. d4 cxd4 9. Nxd4 Nc6 10. Be3 O-O 11. Nxc6 bxc6 12. Qd2 f6 13. f5 Nf7 14. fxg6 hxg6 15. Bc4 e6 16. Rad1 Qe7 17.
Bf4 d5 18. Bb3 e5 19. exd5 exf4 20. d6 Qe3+ 21. Qxe3 fxe3 22. d7 Ba6 23. Rfe1 Bh6 24. Rd6 Kg7 25. Rxc6 Bb7 26. Rc7 Nd8 27. Nb5 Ba6 28.
Nd6 e2 29. Kf2 Bd2 30. Rxe2 Bxe2 31. Kxe2 Ba5 32. Rc8 Nc6 33. Rxc6 Rad8 34. Nb7 Bb6 35. Nxd8 Rxd8 36. Be6 f5 37. c4 Kf6 38. b4 Bd4 39. a4 Ke7 40. Kd3 Be5 41. Bd5 Bxh2 42. Rxg6 Rxd7 43.
Rg7+ Kd8 44. Rxd7+ Kxd7 45. a5 Bg3 46. b5 Bf2 47. Kc3 Kd6 48. Kb4 f4 49. Bf3 Bc5+ 50.
Kc3 Kc7 51. Kd3 Kd6 52. Ke4 Be3 53. b6 axb6 54. a6 Kc7 55. Kd5 Kb8 56. Kc6 Ka7 57. Kb5 Bc5 58. Bb7 Be3 59. Kc6 Bc5 60. Kd5 Be3 61. Ke4 Bc1 1/2-1/2

[Event "*** Qualifier 2: Titled Tuesday 3|2 Blitz"]
[Site "Chess.com"]
[Date "2017.04.11"]
[Round "1"]
[White "chessking2151"]
[Black "iturrizaga"]
[Result "0-1"]
[WhiteElo "2355"]
[BlackElo "2666"]
[TimeControl "180+2"]
[EndTime "13:10:16 PDT"]
[Termination "iturrizaga won by resignation"]

1. e4 c5 2. Nf3 g6 3. c3 Nf6 4. e5 Nd5 5. Bc4 Nb6 6. Bb3 Bg7 7. O-O O-O 8. d4 cxd4 9. cxd4 d6 10. Nc3 Nc6 11. exd6 Qxd6 12. Ne4 Qd8 13. d5 Na5 14. d6 Nxb3 15. axb3 exd6 16. Qxd6 Bf5 17.
Qxd8 Rfxd8 18. Nc5 Rd5 19. Nxb7 Be4 20. Ra5 Rc8 21.
Be3 Rxa5 22. Nxa5 Bxb2 23. Bxb6 axb6 24. Nc4 Bf6 25. Nd6 Bf5 26. Nxc8 Bxc8 27. Rc1 Bb7 28. Rc7 Bd5 29. b4 b5 30. h3 Kg7 31. Rc5 Bc4 32. Nd2 Be2 33. Ne4 Be7 34. Rc7 Bxb4 35. Ng5 Bc4 36. g3 Bd6 37. Rb7 Bf8 38.
f4 h6 39. Nf3 Bd5 40. Rxb5 Bxf3 41. Kf2 Bc6 42. Ra5 Bd7 43. g4 Be7 44. Kg3 Bb4 45.
Ra7 Be1+ 46. Kg2 Bc6+ 47. Kh2 Bd2 48. Kg3 Be1+ 49. Kh2 h5 50. Rc7 Bf3 51. g5 h4 52.
Rc4 Bg3+ 53. Kg1 Bd5 54. Rd4 Bf3 55. Rc4 Kf8 56. Kf1 Ke7 57. Ra4 Ke6 58. Ra6+ Ke7 59. Ra7+ Kf8 60. Ra3 Bc6 61. Rc3 Bd7 62. Kg2 Bxf4 63.
Rc5 Bf5 64. Kf3 Bxg5 0-1

[Event "*** Qualifier 2: Titled Tuesday 3|2 Blitz"]
[Site "Chess.com"]
[Date "2017.04.11"]
[Round "1"]
[White "kleinebeer98"]
[Black "proxy6"]
[Result "1/2-1/2"]
[WhiteElo "2494"]
[BlackElo "2215"]
[TimeControl "180+2"]
[EndTime "13:10:22 PDT"]
[Termination "Game drawn by stalemate"]

1. e4 e5 2. Nf3 Nc6 3. Bb5 a6 4.
Ba4 Nf6 5. d3 b5 6. Bb3 Be7 7.
a4 Rb8 8. Nc3 d6 9. Be3 O-O 10.
O-O Be6 11. axb5 axb5 12. Bxe6 fxe6 13. h3 h6 14. Re1 d5 15. exd5 exd5 16. Ba7 Rb7 17.
Nxe5 Nxe5 18. Rxe5 b4 19. Ne2 Bd6 20. Rf5 Qd7 21.
Rf3 c5 22. Bxc5 Bxc5 23. Ra5 Bb6 24. Ra1 Rc7 25. c3 bxc3 26. bxc3 Rcc8 27. Qb3 Rb8 28.
Qa2 Kh8 29. Nf4 Rfe8 30. Qc2 d4 31. c4 Bc5 32. g3 Qb7 33. Qd1 Bb4 34. Kg2 Bc3 35. Ra2 Re1 36. Qc2 Rbe8 37. h4 Kg8 38.
c5 g5 39. hxg5 hxg5 40. c6 Qxc6 41. Qb3+ Kg7 42. Ra7+ R8e7 43. Ne6+ Rxe6 44. Rxe7+ Rxe7 45. g4 Nxg4 46. Qd1 Nf6 47. Kh2 Kg6 48. Rh3 Rh7 49.
Rxh7 Nxh7 50. Qe2 Qd6+ 51. Kg2 Nf6 52. f3 Qf4 53. Qe7 Qd2+ 54. Kh3 Qf4 55. Qb7 g4+ 56. fxg4 Qxg4+ 57. Kh2 Be1 58. Kh1 Qg3 59. Qc6 Qxd3 60. Qg2+ Qg3 61. Qf1 d3 62. Qxf6+ Kh7 63. Qh6+ Kg8 64.
Qf8+ Kh7 65. Qh6+ Kxh6 1/2-1/2

[Event "*** Qualifier 2: Titled Tuesday 3|2 Blitz"]
[Site "Chess.com"]
[Date "2017.04.11"]
[Round "1"]
[White "tigra"]
[Black "pedromartinez91"]
[Result "1-0"]
[WhiteElo "2610"]
[BlackElo "2309"]
[TimeControl "180+2"]
[EndTime "13:10:23 PDT"]
[Termination "tigra won by resignation"]

1. e4 e6 2. d4 d5 3. Nc3 Nf6 4. e5 Ne4 5. Nxe4 dxe4 6. c3 c5 7. Be3 cxd4 8. Bxd4 Nc6 9. Ne2 Nxd4 10. Nxd4 Bc5 11. Qc2 Bxd4 12. Qa4+ Bd7 13. Qxd4 Bc6 14. O-O-O Qxd4 15. Rxd4 Ke7 16. Kd2 Rhd8 17. Ke3 Rxd4 18. cxd4 Bd5 19. b3 Rc8 20. Kd2 f6 21. exf6+ gxf6 22. Rg1 f5 23. Be2 e5 24. dxe5 Ke6 25. f4 exf3 26. gxf3 Kxe5 27. Rg7 Rd8 28. Ke3 f4+ 29. Kf2 h6 30. h4 Rd6 31. Re7+ Re6 32. Rc7 Kd6 33. Rh7 Kc5 34. Bf1 Rf6 35. Rd7 Bc6 36. Rh7 a5 37. h5 Kb4 38. Bd3 Ka3 39.
Bg6 Kxa2 40. Rxh6 Rf8 41. Bc2 Kb2 42. Bd1 Be8 43. Rh7 b5 44. h6 a4 45. bxa4 bxa4 46. Rg7 a3 47. Rb7+ Kc1 48. Bb3 Bc6 49. Rb6 Ba4 50. Bxa4 a2 51. Rc6+ Kb1 52. Rb6+ Kc1 53. Rd6 a1=Q 54. Rd1+ Kb2 55. Rxa1 Kxa1 56. Bc2 Kb2 57.
Be4 Kc3 58. Kg2 Kd4 59. Kh3 Ke3 60. Kg4 Rf6 61. Kg5 Re6 62. h7 Re8 63. Kg6 Rc8 64. Bd5 Rd8 65. Bg8 Kxf3 66. h8=Q 1-0